 Dungeon Crawl Stone Soup version 0.29.1-1-gd02db6906a (webtiles) character file.

Game seed: 10105638598238616191

380 NaughtyZerg the Caller (level 6, 0/32 HPs)
             Began as a Deep Elf Summoner on Oct 4, 2022.
             Was an Initiate of Gozag.
             Succumbed to a gnoll sergeant's poison
             ... on level 6 of the Dungeon.
             The game lasted 00:30:12 (3556 turns).

NaughtyZerg the Caller (Deep Elf Summoner)          Turns: 3556, Time: 00:30:12

Health: 0/32       AC:  4    Str:  5    XL:     6   Next: 46%
Magic:  8/17       EV: 12    Int: 22    God:    Gozag
Gold:   374        SH:  0    Dex: 15    Spells: 11/17 levels left

rFire   . . .      SeeInvis .   A - +3 dagger
rCold   . . .      Faith    .   (no shield)
rNeg    . . .      Spirit   .   g - +0 leather armour
rPois   .          Reflect  .   p - +0 helmet
rElec   .          Harm     .   (no cloak)
rCorr   .          Rampage  .   (no gloves)
Will    .....                   (no boots)
Stlth   ++........              (no amulet)
HPRegen 0.10/turn               z - ring of flight
MPRegen 0.15/turn               (no ring)

@: lethally poisoned (0 -> -3), flying
A: no striking features
a: Renounce Religion, Potion Petition, Call Merchant, Bribe Branch


You were on level 6 of the Dungeon.
You worshipped Gozag.
Gozag was aware of your devotion.
You visited 1 branch of the dungeon, and saw 5 of its levels.

You collected 422 gold pieces.
You paid 48 gold pieces to Gozag.

Inventory:

Hand Weapons
 s - a +0 whip of venom
 A - a +3 dagger (weapon)
Armour
 a - a +0 robe
 g - a +0 leather armour (worn)
 p - a +0 helmet (worn)
Magical Staves
 x - a staff of earth
 B - a staff of death
Jewellery
 z - a ring of flight (left hand)
Wands
 q - a wand of flame (15)
 y - a wand of roots (3)
Scrolls
 i - 5 scrolls of identify {unknown}
 l - a scroll of enchant weapon {unknown}
 m - 2 scrolls of blinking {unknown}
 t - a scroll of vulnerability {unknown}
 v - 2 scrolls of noise {unknown}
 w - 2 scrolls of brand weapon {unknown}
 C - a scroll of poison {unknown}
Potions
 b - 2 potions of magic
 c - 2 potions of heal wounds {unknown}
 d - 4 potions of might {unknown}
 e - a potion of attraction {unknown}
 f - a potion of berserk rage {unknown}
 h - a potion of cancellation {unknown}
 j - 2 potions of lignification {unknown}
 k - 2 potions of mutation {unknown}
 n - 2 potions of degeneration {unknown}
 o - 4 potions of curing {unknown}
 r - a potion of invisibility {unknown}
 u - a potion of brilliance {unknown}


   Skills:
 + Level 4.2 Dodging
 - Level 2.5 Stealth
 * Level 6.2 Spellcasting
 * Level 6.3 Summonings


You had 11 spell levels left.
You knew the following spells:

 Your Spells              Type           Power      Damage    Failure   Level
a - Summon Small Mammal   Summ           100%       N/A       1%          1
b - Call Imp              Summ           35%        N/A       1%          2
c - Call Canine Familiar  Summ           35%        N/A       3%          3

Your spell library contained the following spells:

 Spells                   Type           Power      Damage    Failure   Level
 Summon Guardian Golem    Hex/Summ       20%        N/A       12%         3
 Foxfire                  Conj/Fire      24%        2x1d5     16%         1
 Summon Lightning Spire   Summ/Air       20%        N/A       36%         4
 Conjure Flame            Conj/Fire      6%         6-21      41%         3
 Inner Flame              Hex/Fire       6%         N/A       41%         3
 Flame Wave               Conj/Fire      6%         2d5       83%         4


Dungeon Overview and Level Annotations

Branches:
Dungeon (4/15)
 Temple: D:4-7

Altars:
Cheibriados
Gozag
Ru
Trog
Yredelemnul


Message History

Your crimson imp hits the gnoll sergeant but does no damage.
Your hound closely misses the gnoll.
The gnoll hits your hound with a +0 whip.
Your crimson imp hits the gnoll sergeant but does no damage.
Your hound bites the gnoll. x2; The gnoll completely misses your hound.
Your crimson imp hits the gnoll sergeant but does no damage.
Your hound closely misses the gnoll.
Casting: Summon Small Mammal (safe; 1% risk of failure)
Press: ? - help, Q - select action, (/) - cycle Dir - look around, f - activate Your hound bites the gnoll but does no damage.
Your hound closely misses the gnoll.
The gnoll closely misses your hound.
The gnoll sergeant hits you from afar with a +3 spear of venom!
Ouch! That really hurt!
You are lethally poisoned!
You swap places.
You feel very sick.
Your bat hits the gnoll sergeant but does no damage.
Your hound bites the gnoll.
Your crimson imp barely misses the gnoll sergeant.
Something hits your hound!
The gnoll hits your hound with a +0 whip.
You hear the rapid rusting of a distant drain.
* * * LOW HITPOINT WARNING * * *
You feel very sick.
Your bat hits the gnoll sergeant but does no damage. x2
Your crimson imp blinks!
* * * LOW HITPOINT WARNING * * *
You feel sick.
Your bat barely misses the gnoll sergeant.
Your bat hits the gnoll sergeant but does no damage.
* * * LOW HITPOINT WARNING * * *
You feel sick.
Your bat barely misses the gnoll sergeant.
* * * LOW HITPOINT WARNING * * *
You feel sick.
* * * LOW HITPOINT WARNING * * *
You feel sick.
* * * LOW HITPOINT WARNING * * *
You feel sick.
You die...
Your body crumbles into a pile of gold.

#####+####.##.# #.#
............#.# #.#
...########.#h##### #.#
...# ♣♣♣♣ #.#....<# #.#
####♣♣..♣♣#.####### #.#
####♣5##..'.# #.#
...#♣5##..'.# #.#
...#♣♣..♣♣#.###########.#
...# ♣♣♣♣ #..g..@.......#
...#### ##h#############
....#.# #..# ......# #..#
......# #.b# .###..# #.h#
.# #..####..#
'###....##.g#
_'......##..#


You could see a gnoll sergeant and a friendly hound (summoned).

Vanquished Creatures
  An adder (D:3)
  A worm (D:6)
  2 orcs (D:3)
  An endoplasm (D:1)
  A hobgoblin (D:3)
  A kobold (D:2)
  A quokka (D:6)
  2 ball pythons
  2 bats
  2 frilled lizards (D:2)
  A rat (D:1)
15 creatures vanquished.

Vanquished Creatures (collateral kills)
  A black bear (D:6)
  A bullfrog (D:6)
  A hound (D:6)
  An iguana (D:6)
  2 gnolls (D:6)
  5 adders
  2 river rats (D:6)
  An ufetubus (D:6)
  A worm (D:3)
  2 dart slugs
  7 orcs
  2 bats
  8 endoplasms
  4 goblins
  2 hobgoblins
  2 quokkas
  4 ball pythons
  2 frilled lizards
  4 kobolds
52 creatures vanquished.

Grand Total: 67 creatures vanquished

Notes
Turn   | Place    | Note
-------+----------+-------------------------------------------
     0 | D:1      | NaughtyZerg the Deep Elf Summoner began the quest for the
                  | Orb.
     0 | D:1      | Reached XP level 1. HP: 10/10 MP: 6/6
   503 | D:1      | Reached XP level 2. HP: 15/15 MP: 5/8
   522 | D:1      | Learned a level 2 spell: Call Imp
  1038 | D:2      | Found a faded altar of an unknown god.
  1162 | D:2      | Reached XP level 3. HP: 19/19 MP: 5/10
  1173 | D:2      | Learned a level 3 spell: Call Canine Familiar
  1512 | D:3      | Reached skill level 5 in Summonings
  1626 | D:3      | Found a basalt altar of Yredelemnul.
  1695 | D:3      | Reached XP level 4. HP: 8/24 MP: 12/12
  1710 | D:3      | Found a snail-covered altar of Cheibriados.
  2103 | D:3      | Found an opulent altar of Gozag.
  2104 | D:3      | Found a sacrificial altar of Ru.
  2116 | D:3      | Became a worshipper of Gozag Ym Sagoz the Greedy
  2963 | D:4      | Noticed an ogre
  2964 | D:4      | You are sucked into a shaft and drop 2 floors!
  3163 | D:6      | Reached skill level 5 in Spellcasting
  3163 | D:6      | Reached XP level 5. HP: 23/28 MP: 11/14
  3346 | D:6      | Reached XP level 6. HP: 27/32 MP: 9/16
  3492 | D:6      | Found a bloodstained altar of Trog.
  3555 | D:6      | HP: 1/32 [poisoned by a gnoll sergeant]
  3556 | D:6      | Succumbed to a gnoll sergeant's poison

Illustrated notes

Levels and vault maps discovered:
D:1:      lemuel_arrival_broad_hall, layout_basic, minmay_hedge_maze,
          corexii_leaking_fountain, minmay_misc_feat_tower
D:2:      layout_rooms, hellmonk_ecumenical_altar_arch_garden
D:3:      layout_basic, gammafunk_temple_overflow_pools, slow_altar_2,
          mainiacjoe_overflow_alcove_2, st_stairs_7, nicolae_underground_beach
D:4:      layout_cave_pools, gammafunk_ghost_gnarly_gnolls,
          grunt_decor_arrowhead, saegor_snake_ambush
D:6:      layout_basic, lemuel_doored_altar, nicolae_tso_swordbearing_angel,
          temple_green, gup_sewer_entry_spiral, minivault_26,
          chequers_serial_rivers_small_b, minmay_tree_intersection,
          kennysheep_generic_room_15

Skill      XL: |  1  2  3  4  5  6 |
---------------+-------------------+-----
Dodging        | 3 4 |  4.2
Spellcasting   | 4 5 6 |  6.2
Summonings     | 5 6 |  6.3
Stealth        | |  2.5

Action                   |  1- 3 |  4- 6 || total
-------------------------+-------+-------++-------
Melee: Hand axe          |    51 |       ||    51
       Unarmed           |     4 |       ||     4
       Whip              |    11 |     6 ||    17
       Dagger            |       |     7 ||     7
 Cast: Summon Small Mamm |    23 |    17 ||    40
       Call Imp          |     5 |     9 ||    14
       Call Canine Famil |     4 |    16 ||    20
Evoke: Wand              |       |     3 ||     3
 Stab: Sleeping          |       |     1 ||     1
Armor: Robe              |     4 |       ||     4
       Leather armour    |    10 |     8 ||    18
Dodge: Dodged            |    37 |    18 ||    55
